AoeStats
← SC_Dead Rabbit "The original"

Fortress

508796913Analyzed
4v4 RM · 9d ago on Sep 24, 2026· 38m 11s· 8 players
Game mode
Random Map
Map size
Huge
Population
200
Speed
Normal
Resources
Standard
Victory
Conquest
Starting age
Dark Age
Ending age
Imperial Age
RankedLock teamsTeams togetherTeam positionsShared explorationLock speedFull tech treeHidden civsTurbo modeCheats
Victory
Defeat
🇲🇽 Mongols · Mexico
1220
+15
🇳🇿 Britons · New Zealand
1175
+17
🇨🇳 Huns · China
1145
+18
🇺🇸 Saracens · United States
1136
+19
🇨🇱 Koreans · Chile
1333
-23
🇵🇪 Gurjaras · Peru
1308
-22
1177
-16
963
-8
rukas
4:02 Loom
8:06 Feudal Age
8:56 Double-Bit Axe
11:42 Castle Age
11:03 Fletching
12:48 Bow Saw
12:22 Horse Collar
19:56 Stone Mining
20:24 Gold Mining
23:40 Gold Shaft Mining
26:47 Imperial Age
24:50 Fletching
27:21 Yeomen
27:06 Loom
26:59 Elite Longbowman
27:53 Town Watch
29:33 Wheelbarrow
29:05 Bodkin Arrow
30:25 Chemistry
30:06 Bracer
31:08 Padded Archer Armor
31:33 Ballistics
31:45 Warwolf
32:05 Conscription
32:53 Leather Archer Armor
34:16 Ring Archer Armor
33:54 Siege Engineers
33:57 Heavy Plow
35:01 Two-Man Saw
34:18 Treadmill Crane
34:48 Masonry
34:12 Sappers
34:49 Arrowslits
35:42 Herbal Medicine
Parenquima
7:10 Feudal Age
8:16 Double-Bit Axe
8:14 Horse Collar
11:30 Castle Age
13:11 Bow Saw
13:28 Heavy Plow
13:32 Loom
14:21 Loom
18:49 Wheelbarrow
19:50 Hand Cart
19:48 Gold Mining
21:24 Gold Shaft Mining
21:38 Stone Mining
25:27 Imperial Age
23:29 Town Watch
24:33 Stone Shaft Mining
24:16 Town Patrol
24:09 Fletching
24:56 Husbandry
25:23 Bodkin Arrow
26:10 Ballistics
27:01 Padded Archer Armor
27:24 Elite Mangudai
29:16 Bracer
31:22 Conscription
31:40 Leather Archer Armor
31:32 Thumb Ring
31:43 Bloodlines
33:09 Chemistry
36:30 Caravan
38:24 Murder Holes
38:35 Siege Engineers
hb94
8:46 Feudal Age
12:33 Castle Age
10:42 Double-Bit Axe
11:33 Bloodlines
12:42 Forging
13:24 Bow Saw
15:17 Town Watch
16:24 Loom
16:38 Gold Mining
18:55 Wheelbarrow
19:31 Husbandry
20:21 Horse Collar
21:37 Heavy Plow
26:21 Fortified Wall
30:20 Imperial Age
30:34 Imperial Age
30:40 Stone Mining
31:35 Iron Casting
32:06 Hoardings
32:46 Chemistry
33:00 Masonry
33:28 Elite Mameluke
34:08 Fletching
35:20 Scale Barding Armor
35:33 Hand Cart
Zarathustra
8:01 Feudal Age
12:54 Castle Age
11:16 Double-Bit Axe
11:16 Horse Collar
12:40 Gold Mining
14:29 Heavy Plow
14:46 Bow Saw
14:44 Loom
17:20 Wheelbarrow
19:04 Heavy Plow
22:11 Hand Cart
25:17 Imperial Age
23:21 Marauders
23:29 Scale Barding Armor
23:35 Forging
24:36 Gold Shaft Mining
24:24 Bloodlines
24:15 Husbandry
26:16 Chain Barding Armor
26:32 Iron Casting
26:19 Elite Tarkan
28:07 Conscription
28:37 Plate Barding Armor
33:32 Blast Furnace
31:56 Light Cavalry
GdN_Cuyi Saurus Rex
0:58 Loom
7:11 Feudal Age
9:03 Double-Bit Axe
13:55 Castle Age
15:53 Crossbowman
16:39 Thumb Ring
16:30 Fletching
16:40 Padded Archer Armor
17:45 Bodkin Arrow
22:42 Ballistics
33:01 Imperial Age
[GDL] ANIBARRR
7:09 Feudal Age
11:52 Castle Age
9:53 Double-Bit Axe
11:16 Horse Collar
15:03 Bow Saw
20:44 Wheelbarrow
22:33 Hand Cart
26:51 Imperial Age
24:07 Loom
24:33 Town Watch
25:24 Scale Barding Armor
25:44 Stone Mining
26:13 Forging
26:35 Chain Barding Armor
27:04 Town Patrol
27:42 Iron Casting
27:26 Bloodlines
27:17 Husbandry
27:17 Gold Mining
28:44 Plate Barding Armor
27:48 Heavy Camel Rider
30:34 Elite Shrivamsha Rider
SC_Dead Rabbit "The original"
7:43 Feudal Age
7:20 Loom
12:08 Castle Age
10:38 Double-Bit Axe
11:57 Horse Collar
12:11 Gold Mining
16:46 Bow Saw
21:12 Scale Mail Armor
21:23 Forging
23:13 Chain Mail Armor
23:04 Gambesons
28:34 Arson
31:56 Iron Casting
32:04 Heavy Plow
38:08 Imperial Age
36:16 Wheelbarrow
37:29 Hand Cart
Jhasper con manos
8:55 Feudal Age
9:41 Loom
12:36 Castle Age
10:27 Double-Bit Axe
10:37 Horse Collar
13:45 Bow Saw
14:33 Wheelbarrow
14:40 Heavy Plow
18:48 Hand Cart
21:19 Gold Mining
25:25 Imperial Age
23:23 Stone Mining
23:10 Elite Skirmisher
23:56 Fletching
24:56 Bodkin Arrow
26:29 Conscription
26:15 Bracer
27:15 Two-Man Saw
26:03 Loom
27:20 Ballistics
28:00 Chemistry
27:42 Husbandry
28:26 Eupseong
28:09 Pikeman
28:49 Squires
28:54 Scale Mail Armor
28:41 Halberdier
29:36 Forging
29:22 Arson
29:55 Chain Mail Armor
30:01 Masonry
31:31 Iron Casting
32:22 Plate Mail Armor
Connection lost

Rejoining the realm…

Still unreachable

The connection could not be restored.

Session expired

The server has moved on; the page needs a fresh start.